 Dungeon Crawl Stone Soup version 0.21.1-1-g345015f (webtiles) character file.

151 pk666 the Magician (level 5, -13/28 HPs)
             Began as a Deep Elf Wizard on Feb 13, 2018.
             Killed by divine providence
             ... invoked by an orc priest
              (16 damage)
             ... on level 3 of the Dungeon.
             The game lasted 00:08:15 (4057 turns).

pk666 the Magician (Deep Elf Wizard)                Turns: 4057, Time: 00:08:15

Health: -13/28     AC:  4    Str:  4    XL:     5   Next: 10%
Magic:  3/14       EV: 13    Int: 24    God:
Gold:   189        SH:  0    Dex: 13    Spells: 5/14 levels left

rFire    . . .     SeeInvis .   e - +1 dagger
rCold    . . .     Gourm    .   (no shield)
rNeg     . . .     Faith    .   a - +0 robe
rPois    .         Spirit   .   b - +1 hat
rElec    .         Reflect  .   (no cloak)
rCorr    .         Harm     .   l - +0 pair of gloves
MR       .....                  (no boots)
Stlth    ++........             (no amulet)
HPRegen  0.09/turn              (no ring)
MPRegen  0.14/turn              (no ring)

@: very slightly contaminated
A: no striking features
a: no special abilities


You were on level 3 of the Dungeon.
You were hungry.

You visited 1 branch of the dungeon, and saw 4 of its levels.

You collected 189 gold pieces.

Inventory:

Hand Weapons
 e - a +1 dagger (weapon)
Armour
 a - a +0 robe (worn)
 b - a +1 hat (worn)
 l - a +0 pair of gloves (worn)
Jewellery
 f - an uncursed amulet of guardian spirit {unknown}
Scrolls
 i - a scroll of fear {unknown}
 m - a scroll of magic mapping {unknown}
 o - a scroll of identify
 p - a scroll of teleportation {unknown}
 q - a scroll of remove curse
Potions
 g - 3 potions of curing
 h - 3 potions of cancellation {unknown}
 j - a potion of ambrosia {unknown}
 n - a potion of might {unknown}
Books
 c - a book of Minor Magic

   Spells                             Type                      Level
   a - Magic Dart                     Conjuration                  1
   b - Blink                          Translocation                2
   c - Call Imp                       Summoning                    2
   d - Slow                           Hexes                        2
   e - Conjure Flame                  Conjuration/Fire             3
   f - Mephitic Cloud                 Conjuration/Poison/Air       3
Comestibles
 d - 2 rations


   Skills:
 + Level 3.5 Dodging
 - Level 2.4 Stealth
 + Level 5.2 Spellcasting
 + Level 2.5 Conjurations
   Level 1.1 Summonings
 - Level 1.1 Translocations
 * Level 1.7 Fire Magic
 * Level 1.4 Air Magic
 * Level 1.8 Poison Magic


You had 5 spell levels left.
You knew the following spells:

 Your Spells              Type           Power        Failure   Level  Hunger
a - Magic Dart            Conj           ###.         3%          1    None
b - Blink                 Tloc           N/A          9%          2    None
d - Conjure Flame         Conj/Fire      ###.....     11%         3    ##.....
z - Mephitic Cloud        Conj/Pois/Air  ###.....     12%         3    ##.....


Dungeon Overview and Level Annotations

Branches:
Dungeon (4/15)
 Temple: D:4-7

Altars:
Elyvilon
Fedhas
The Shining One


Message History

You miscast Conjure Flame.
You are very lightly contaminated with residual magic.
Your hair stands on end.
Casting: Conjure Flame
Confirm with . or Enter, or press ? or * to list all spells.
Aiming: Conjure Flame
Press: ? - help, Dir - move target cursor The fire ignites!
The orc priest invokes the aid of Beogh against you.
Beogh smites you!
Ouch! That really hurt!
* * * LOW HITPOINT WARNING * * *
The orc priest miscasts a cantrip.
The orc priest looks braver for a moment.
The orc priest calls upon Beogh to heal the orc priest.
The orc priest's wounds heal themselves!
The orc priest calls down the wrath of Beogh upon you.
Beogh smites you!
Ouch! That really hurt!
You die...

#.##.### #o# ##.## #..#####
..##.# #.# #.#####....... ####.#
#o# #.......###### # #.## #.#
######### # # #..# #.## # ##.#
#..# # #.# ##.### ########
#####.####### #.#.## #.......
............# #.@#.## ##.######
...##.#####.###.###.#####...#
##.##.#####.##.## ##........###
.#.##..(......#|###.###.......###
.#...............#...............
.#..........)...#.#####<......###
##.########.#.###.# ###...###
...# #.#.....# #...#
###########.####### #####


You could see an orc priest.

Vanquished Creatures
  An orc wizard (D:4)
  Terence (D:2)
  A hound zombie (D:4)
  An ooze (D:2)
  3 worms
  4 dart slugs
  A leopard gecko (D:3)
  4 orcs (D:3)
  7 bats
  2 giant cockroaches (D:2)
  9 goblins
  4 hobgoblins
  3 jackals (D:2)
  6 kobolds
  2 quokkas (D:2)
  5 frilled lizards
  9 rats
63 creatures vanquished.

Notes
Turn   | Place    | Note
-------+----------+-------------------------------------------
     0 | D:1      | pk666 the Deep Elf Wizard began the quest for the Orb.
     0 | D:1      | Reached XP level 1. HP: 10/10 MP: 7/7
   303 | D:1      | Reached XP level 2. HP: 12/15 MP: 3/9
  1168 | D:2      | Reached XP level 3. HP: 5/19 MP: 0/11
  1396 | D:2      | Learned a level 2 spell: Blink
  1400 | D:2      | Learned a level 3 spell: Mephitic Cloud
  1404 | D:2      | Learned a level 3 spell: Conjure Flame
  1494 | D:2      | Found a blossoming altar of Fedhas.
  1540 | D:2      | Noticed Terence
  1682 | D:2      | Reached skill level 5 in Spellcasting
  2322 | D:2      | Killed Terence
  2322 | D:2      | Reached skill level 1 in Fire Magic
  2322 | D:2      | Reached skill level 1 in Poison Magic
  2322 | D:2      | Reached XP level 4. HP: 24/24 MP: 3/13
  2538 | D:2      | Found a white marble altar of Elyvilon.
  2620 | D:3      | Reached skill level 1 in Air Magic
  3800 | D:4      | Found a glowing golden altar of the Shining One.
  3851 | D:4      | Reached XP level 5. HP: 19/28 MP: 4/14
  4057 | D:3      | Killed from afar by an orc priest

Skill      XL: |  1  2  3  4 |
---------------+-------------+-----
Dodging        | 3 |  3.5
Conjurations   | 2 |  2.5
Spellcasting   | 5 |  5.2
Fire Magic     | 1 |  1.7
Poison Magic   | 1 |  1.8
Air Magic      | 1 |  1.4
Stealth        | |  2.4
Summonings     | |  1.1
Translocations | |  1.1

Action                   |  1- 3 |  4- 6 || total
-------------------------+-------+-------++-------
Melee: Dagger            |     5 |     7 ||    12
 Cast: Magic Dart        |   111 |    77 ||   188
       Mephitic Cloud    |     2 |     3 ||     5
       Conjure Flame     |     1 |     3 ||     4
       Blink             |       |     1 ||     1
  Use: Scroll            |     5 |     1 ||     6
  Eat: Chunk             |     4 |     5 ||     9
Armor: Robe              |     5 |     9 ||    14
Dodge: Dodged            |    14 |    14 ||    28
